AoeStats
← Jeffrey

Arena

505383274Analyzed
4v4 RM · 24d ago on Sep 9, 2026· 85m 14s· 8 players
Game mode
Random Map
Map size
Large (8 player)
Population
200
Speed
Normal
Resources
Standard
Victory
Conquest
Starting age
Dark Age
Ending age
Imperial Age
RankedLock teamsTeams togetherTeam positionsShared explorationLock speedFull tech treeHidden civsTurbo modeCheats
Victory
Defeat
🇹🇼 Britons · Taiwan
863
+10
🇹🇼 Wei · Taiwan
817
+12
780
+14
🇺🇸 Britons · United States
683
+17
🇨🇱 Romans · Chile
801
-16
🇧🇷 Byzantines · Brazil
726
-13
🇨🇦 Sicilians · Canada
702
-12
🇨🇦 Turks · Canada
683
-12
LookVil
9:54 Feudal Age
16:28 Castle Age
17:44 Double-Bit Axe
22:01 Gold Mining
24:11 Wheelbarrow
25:20 Hand Cart
26:20 Horse Collar
30:22 Imperial Age
28:01 Husbandry
28:45 Fortified Wall
29:15 Bow Saw
29:30 Murder Holes
31:09 Arrowslits
32:20 Conscription
33:26 Thumb Ring
32:42 Elite Skirmisher
37:20 Chemistry
36:09 Pikeman
36:50 Squires
38:23 Bombard Tower
41:10 Heavy Camel Rider
44:26 Halberdier
49:50 Caravan
59:28 Padded Archer Armor
Jeffrey
13:20 Feudal Age
14:22 Arson
13:58 Man-at-Arms
24:03 Horse Collar
24:14 Double-Bit Axe
27:17 Castle Age
26:54 Gold Mining
27:15 Stone Mining
28:04 Heavy Plow
29:04 Bow Saw
30:31 Fervor
35:50 Imperial Age
33:53 Husbandry
35:01 Padded Archer Armor
37:42 Two-Man Saw
37:25 Squires
46:04 Leather Archer Armor
55:55 Gold Shaft Mining
55:44 Cavalier
56:42 Scale Barding Armor
56:52 Forging
57:06 Conscription
58:29 Caravan
58:49 Fletching
60:03 Ballistics
61:09 Elite Janissary
65:34 Bodkin Arrow
CastNowski
0:27 Loom
10:59 Feudal Age
12:31 Wheelbarrow
11:44 Double-Bit Axe
11:51 Horse Collar
13:20 Wheelbarrow
24:39 Castle Age
22:56 Gold Mining
22:57 Stone Mining
24:00 Forging
23:51 Scale Mail Armor
23:42 Fletching
26:12 Bow Saw
28:09 Gold Shaft Mining
28:09 Stone Shaft Mining
27:37 Heavy Plow
29:13 Hand Cart
30:06 Stone Shaft Mining
30:08 Town Watch
32:29 Town Patrol
33:41 Iron Casting
33:21 Chain Mail Armor
33:02 Bodkin Arrow
35:21 Caravan
39:31 Imperial Age
39:19 Murder Holes
39:35 Masonry
40:27 Guilds
41:22 Blast Furnace
40:52 Plate Mail Armor
40:23 Bracer
40:45 Conscription
39:46 Elite Serjeant
39:58 Sappers
41:55 Crop Rotation
44:13 Hoardings
44:47 Chemistry
44:08 Arrowslits
44:48 Ballistics
43:54 Capped Ram
44:44 Arrowslits
45:00 Siege Ram
45:58 Siege Engineers
mauri90.hermosilla
10:07 Feudal Age
11:32 Loom
14:20 Castle Age
12:27 Gold Mining
12:26 Double-Bit Axe
15:32 Bow Saw
19:51 Caravan
21:21 Pikeman
27:24 Wheelbarrow
27:08 Man-at-Arms
28:50 Forging
28:52 Light Cavalry
28:57 Long Swordsman
29:41 Squires
29:43 Scale Mail Armor
31:07 Hand Cart
32:21 Horse Collar
34:57 Husbandry
35:13 Bloodlines
36:15 Fortified Wall
38:15 Ballistas
39:00 Iron Casting
38:41 Chain Mail Armor
41:58 Imperial Age
42:20 Legionary
42:25 Elite Centurion
43:26 Conscription
42:30 Halberdier
45:12 Blast Furnace
44:39 Comitatenses
48:04 Comitatenses
48:59 Chemistry
MythicWizard478
6:54 Loom
7:01 Loom
10:43 Feudal Age
16:06 Castle Age
14:17 Double-Bit Axe
14:16 Horse Collar
26:39 Heavy Plow
29:00 Pikeman
31:38 Squires
32:37 Bow Saw
33:58 Crossbowman
36:42 Fletching
36:52 Padded Archer Armor
36:53 Scale Mail Armor
40:54 Imperial Age
40:20 Bodkin Arrow
40:40 Leather Archer Armor
47:25 Forging
47:10 Gold Mining
47:11 Stone Mining
48:53 Bracer
49:09 Leather Archer Armor
54:23 Chain Mail Armor
57:14 Wheelbarrow
57:20 Gold Shaft Mining
58:03 Ballistics
58:44 Chemistry
62:40 Elite Longbowman
63:21 Warwolf
68:59 Ring Archer Armor
69:05 Iron Casting
69:00 Plate Mail Armor
69:33 Halberdier
72:15 Blast Furnace
71:28 Siege Engineers
83:29 Yeomen
84:57 Arbalester
Watermelon Sugar Vapeeee
10:32 Feudal Age
16:29 Castle Age
21:21 Man-at-Arms
22:00 Horse Collar
29:43 Scale Mail Armor
32:57 Caravan
33:08 Double-Bit Axe
33:30 Heavy Plow
33:38 Gold Mining
33:42 Stone Mining
34:39 Wheelbarrow
38:23 Imperial Age
36:21 Hand Cart
37:45 Gold Shaft Mining
38:16 Loom
39:58 Conscription
40:13 Chain Mail Armor
40:10 Forging
40:16 Bloodlines
40:24 Town Watch
42:28 Plate Mail Armor
42:33 Iron Casting
43:06 Kataparuto
52:55 Elite Samurai
58:43 Blast Furnace
59:00 Cavalier
69:24 Light Cavalry
羅賓不流汗
0:26 Loom
12:17 Feudal Age
14:01 Double-Bit Axe
13:57 Horse Collar
20:29 Castle Age
19:52 Fletching
21:47 Bow Saw
21:38 Heavy Plow
23:55 Crossbowman
30:02 Ballistics
29:25 Treadmill Crane
32:53 Imperial Age
34:42 Wheelbarrow
35:14 Two-Man Saw
34:12 Stone Mining
34:12 Gold Mining
35:33 Chemistry
34:57 Bodkin Arrow
35:02 Padded Archer Armor
36:48 Gold Shaft Mining
37:58 Yeomen
37:02 Elite Longbowman
38:41 Conscription
38:40 Leather Archer Armor
39:58 Ring Archer Armor
39:28 Bracer
40:11 Warwolf
40:40 Bracer
42:44 Pikeman
43:26 Squires
43:11 Arson
43:41 Forging
43:32 Scale Mail Armor
45:43 Halberdier
48:17 Chain Mail Armor
48:37 Iron Casting
57:28 Plate Mail Armor
57:59 Blast Furnace
58:00 Siege Engineers
57:53 Murder Holes
57:48 Heated Shot
75:29 Fervor
75:34 Block Printing
75:45 Illumination
75:15 Herbal Medicine
75:56 Theocracy
75:21 Devotion
75:42 Sanctity
76:00 Hoardings
75:52 Fortified Wall
75:54 Masonry
75:32 Arrowslits
你行Nissan阿
0:28 Loom
13:10 Feudal Age
19:28 Castle Age
17:37 Double-Bit Axe
18:27 Horse Collar
20:33 Wheelbarrow
20:46 Bow Saw
26:45 Wheelbarrow
30:18 Hand Cart
33:14 Imperial Age
31:08 Tuntian
31:25 Forging
31:20 Scale Barding Armor
31:20 Husbandry
31:31 Bloodlines
31:56 Heavy Plow
31:51 Gold Mining
31:51 Stone Mining
34:18 Conscription
35:12 Iron Casting
34:57 Chain Barding Armor
36:15 Ming Guang Armor
36:11 Caravan
35:44 Light Cavalry
37:51 Heavy Hei Guang Cavalry
37:52 Hussar
39:35 Blast Furnace
39:18 Gold Shaft Mining
39:18 Stone Shaft Mining
39:49 Chemistry
39:10 Ballistics
38:41 Heated Shot
41:42 Elite Tiger Cavalry
47:08 Murder Holes
50:42 Fortified Wall
Connection lost

Rejoining the realm…

Still unreachable

The connection could not be restored.

Session expired

The server has moved on; the page needs a fresh start.